 Dungeon Crawl Stone Soup version 0.23-a0-49-gd9f7a49 (webtiles) character file.

4649 MTVSty1e the Cleaver (level 10, 0/84 HPs)
             Began as a Minotaur Fighter on Aug 7, 2018.
             Was a Priest of Okawaru.
             Slain by an 11-headed hydra (5 damage)
             ... on level 9 of the Dungeon.
             The game lasted 00:10:54 (7434 turns).

MTVSty1e the Cleaver (Minotaur Fighter)             Turns: 7434, Time: 00:10:55

Health: 0/84       AC: 15    Str: 29    XL:     10   Next: 20%
Magic:  9/9        EV:  6    Int:  5    God:    Okawaru [***...]
Gold:   663        SH: 11    Dex: 10    Spells: 9/9 levels left

rFire    x . .     SeeInvis .   a - +0 war axe
rCold    + . .     Gourm    .   c - +0 shield
rNeg     . . .     Faith    .   O - +0 plate armour
rPois    +         Spirit   .   (helmet restricted)
rElec    .         Reflect  .   (no cloak)
rCorr    .         Harm     .   v - +0 pair of gloves
MR       .....                  H - +0 pair of boots
Stlth    ..........             d - amulet of regeneration
HPRegen  0.64/turn              E - ring of ice
MPRegen  0.11/turn              b - ring of poison resistance

@: mighty
A: retaliatory headbutt, horns 2
a: Heroism, Renounce Religion


You were on level 9 of the Dungeon.
You worshipped Okawaru.
Okawaru was most pleased with you.
You were not hungry.

You visited 2 branches of the dungeon, and saw 10 of its levels.
You also visited: Ossuary.

You collected 663 gold pieces.

Inventory:

Hand Weapons
 a - a +0 war axe (weapon)
 y - a +4 long sword
Armour
 c - a +0 shield (worn)
 v - a +0 pair of gloves (worn)
 H - a +0 pair of boots (worn)
 O - a +0 plate armour (worn)
Jewellery
 b - a ring of poison resistance (right hand)
 d - an amulet of regeneration (around neck)
 q - an uncursed amulet of faith
 t - an uncursed amulet of magic regeneration
 w - an uncursed amulet of harm
 E - a ring of ice (left hand)
Wands
 u - a wand of acid (5)
 G - a wand of polymorph (19)
 L - a wand of flame (21)
 N - a wand of paralysis (10)
Scrolls
 i - a scroll of fear
 j - 4 scrolls of immolation
 k - 3 scrolls of remove curse
 l - a scroll of amnesia
 m - 11 scrolls of identify
 n - 2 scrolls of blinking
 p - 3 scrolls of enchant weapon {unknown}
 s - 7 scrolls of teleportation {unknown}
 x - 2 scrolls of magic mapping {unknown}
 D - 4 scrolls of fog {unknown}
 F - a scroll of enchant armour {unknown}
 P - a scroll of random uselessness {unknown}
Potions
 e - 3 potions of cancellation {unknown}
 g - 2 potions of heal wounds
 h - 9 potions of curing {unknown}
 o - 3 potions of flight {unknown}
 r - 2 potions of ambrosia {unknown}
 z - 2 potions of berserk rage {unknown}
 A - 4 potions of haste {unknown}
 B - a potion of brilliance {unknown}
 C - 3 potions of magic {unknown}
 I - a potion of lignification {unknown}
 J - a potion of invisibility {unknown}
 M - 3 potions of degeneration {unknown}
Comestibles
 f - 20 rations


   Skills:
 + Level 6.4 Fighting
 * Level 14.7 Axes
 + Level 6.4 Armour
 + Level 6.4 Shields


You had 9 spell levels left.
You didn't know any spells.
Your spell library contained the following spells:

 Spells                   Type           Power        Failure   Level  Hunger
 Stone Arrow              Conj/Erth      #.....       100%        3    ####...
 Passwall                 Tmut/Erth      #.......     100%        2    ###....
 Lee's Rapid Deconstruct  Erth           #.........   100%        5    ######.
 Sandblast                Erth           #.....       100%        1    ##.....
 Petrify                  Tmut/Erth      #.......     100%        4    #####..


Dungeon Overview and Level Annotations

Branches:
Dungeon (9/15)             Temple (1/1) D:5            Lair (0/6) D:9
    Orc: D:9-12

Altars:
Ashenzari
Cheibriados
Dithmenos
Elyvilon
Fedhas
Gozag
Hepliaklqana
Kikubaaqudgha
Makhleb
Nemelex Xobeh
Okawaru
Qazlal
Sif Muna
Trog
Uskayaw
Vehumet
Yredelemnul


Innate Abilities, Weirdness & Mutations

You reflexively headbutt those who attack you in melee.
You have a pair of horns on your head.


Message History

You block the 11-headed hydra's attack. The 11-headed hydra bites you.
The 11-headed hydra bites you but does no damage. x2
You block the 11-headed hydra's attack. x2
The 11-headed hydra bites you but does no damage.
The 11-headed hydra bites you!
* * * LOW HITPOINT WARNING * * *
The 11-headed hydra bites you!
* * * LOW HITPOINT WARNING * * *
The 11-headed hydra bites you but does no damage.
You barely miss the 11-headed hydra.
The 11-headed hydra is almost dead.
You block the 11-headed hydra's attack.
The 11-headed hydra bites you but does no damage.
The 11-headed hydra bites you.
* * * LOW HITPOINT WARNING * * *
The 11-headed hydra bites you!
* * * LOW HITPOINT WARNING * * *
You block the 11-headed hydra's attack. The 11-headed hydra barely misses you.
The 11-headed hydra bites you.
You die...

###..#...#§#....### #..
#..#...#..R#####..### #..
###..#...#.#(.......####..
#####..#...#########..##..
#.#####..#§#|.....Y.##§#..
#..(.####§§#####Rl####§#..
###.#..####§§§§§####.R##..
#..##.#.####.§####R§####..
#.#..#..#@D#####..###}##..
##.##.##.##R##.l###...##..
#.#.##.#####Yl..'§.†..##..
##.#.####..###..###...##..
##[.####..#.'####..###.##..
#.####..###.#..####..####..
#.##..###.#.##..#####..##..
##..###....)##..#..######..
###..###[#.#.#..#..#####..


You could see a 11-headed hydra, a yak, an efreet and an iguana.

Vanquished Creatures
  Pikel (D:5)
  A troll (D:9)
  Grinder (D:6)
  The ghost of Nilihum the Chiller, an amateur MfIE of Sif Muna (D:3)
  A yak (D:9)
  A hungry ghost (D:9)
  4 orc warriors
  4 slaves (D:5)
  An ice beast (D:3)
  3 sky beasts
  A necrophage (D:9)
  5 ogres
  3 centaurs
  A big kobold (D:4)
  2 bullfrogs (D:9)
  A wyvern skeleton (D:9)
  3 scorpions
  A killer bee (D:9)
  3 howler monkeys
  A crimson imp (D:9)
  A centaur zombie (D:9)
  A bullfrog zombie (D:5)
  6 orc priests
  2 jellies (D:5)
  A hound (D:5)
  2 bullfrog skeletons (D:4)
  A centaur skeleton (D:9)
  A gnoll shaman (D:8)
  6 orc wizards
  An iguana (D:7)
  Terence (D:2)
  4 worker ants
  A big kobold zombie (Ossuary)
  9 mummies
  A howler monkey zombie (D:7)
  8 gnolls
  12 adders
  4 shadow imps
  2 oozes
  2 adder skeletons
  An adder zombie (D:2)
  2 worms
  A dart slug (D:1)
  7 leopard geckos
  23 orcs
  A bat skeleton (D:2)
  3 giant cockroaches
  2 gnoll zombies (Ossuary)
  6 goblins
  4 hobgoblins
  7 jackals
  24 kobolds
  4 quokkas
  2 ball python skeletons (D:2)
  5 bats
  4 frilled lizards
  4 kobold zombies
  A leopard gecko skeleton (D:6)
  5 orc zombies
  A quokka skeleton (D:8)
  A quokka zombie (D:2)
  8 rats
  A spectral orc (D:3)
222 creatures vanquished.

Vanquished Creatures (others)
  A gnoll (D:8)
1 creature vanquished.

Grand Total: 223 creatures vanquished

Notes
Turn   | Place    | Note
-------+----------+-------------------------------------------
     0 | D:1      | MTVSty1e the Minotaur Fighter began the quest for the Orb.
     0 | D:1      | Reached XP level 1. HP: 19/19 MP: 0/0
    74 | D:1      | Found a shattered altar of Ashenzari.
   111 | D:1      | Reached skill level 3 in Axes
   184 | D:1      | Reached XP level 2. HP: 21/26 MP: 1/1
   660 | D:2      | Reached skill level 4 in Axes
   680 | D:2      | Reached XP level 3. HP: 30/31 MP: 2/2
   732 | D:2      | Noticed Terence
   738 | D:2      | Killed Terence
   738 | D:2      | Reached skill level 5 in Axes
   864 | D:2      | Reached XP level 4. HP: 39/39 MP: 3/3
  1257 | D:3      | Reached skill level 6 in Axes
  1270 | D:3      | Reached XP level 5. HP: 9/45 MP: 4/4
  1774 | D:3      | Noticed an ice beast
  1786 | D:3      | Killed an ice beast
  1786 | D:3      | Reached skill level 7 in Axes
  1786 | D:3      | Reached XP level 6. HP: 9/51 MP: 5/5
  2096 | D:3      | Noticed a sky beast
  2105 | D:3      | Killed a sky beast
  2105 | D:3      | Reached skill level 8 in Axes
  2228 | D:3      | Found a sparkling altar of Nemelex Xobeh.
  2308 | D:3      | Found a basalt altar of Yredelemnul.
  2383 | D:3      | Found a runed gate.
  2383 | D:3      | Found a runed gate.
  2383 | D:3      | Found a runed gate.
  2391 | D:3      | Noticed Nilihum's ghost (amateur MfIE)
  2441 | D:3      | Killed Nilihum's ghost
  2441 | D:3      | Reached skill level 9 in Axes
  2441 | D:3      | Reached XP level 7. HP: 32/57 MP: 6/6
  2933 | D:4      | Reached skill level 10 in Axes
  3145 | D:4      | Found a blossoming altar of Fedhas.
  3629 | D:4      | Reached skill level 11 in Axes
  3629 | D:4      | Reached XP level 8. HP: 63/64 MP: 7/7
  3992 | D:5      | Entered Level 5 of the Dungeon
  4055 | D:5      | Found a staircase to the Ecumenical Temple.
  4158 | Temple   | Entered the Ecumenical Temple
  4178 | Temple   | Became a worshipper of Warmaster Okawaru
  4288 | D:5      | Found a shadowy altar of Dithmenos.
  4305 | D:5      | Noticed Pikel
  4339 | D:5      | Killed Pikel
  4339 | D:5      | Reached * piety under Okawaru
  4339 | D:5      | Reached skill level 12 in Axes
  4567 | D:5      | Reached skill level 13 in Axes
  4925 | D:6      | Reached XP level 9. HP: 63/71 MP: 8/8
  5409 | D:6      | Reached ** piety under Okawaru
  5483 | D:6      | Noticed Grinder
  5489 | D:6      | Killed Grinder
  5690 | D:7      | Found a sand-covered staircase.
  5695 | Ossuary  | Entered an ossuary
  5894 | D:7      | Reached skill level 5 in Armour
  5984 | D:7      | Reached skill level 5 in Fighting
  5984 | D:7      | Reached skill level 5 in Shields
  6157 | D:8      | Found a stormy altar of Qazlal.
  6213 | D:8      | Reached skill level 14 in Axes
  6724 | D:8      | Found a sparkling altar of Nemelex Xobeh.
  6724 | D:8      | Found a snail-covered altar of Cheibriados.
  6953 | D:9      | Found a staircase to the Lair.
  6964 | D:9      | Reached *** piety under Okawaru
  7144 | D:9      | Reached XP level 10. HP: 82/82 MP: 9/9
  7206 | D:9      | Found a runed door.
  7331 | D:9      | Noticed a seven-headed hydra
  7434 | D:9      | Slain by an 11-headed hydra

Vault maps used:
D:1:      ncdulo_wetmaze, st_stairs_3, evilmike_ruin_ashenzari
D:2:      serial_undead, serial_undead_b, serial_undead_c, serial_undead_b,
          serial_undead_b, serial_undead_f, minmay_misc_feat_tower,
          hangedman_feature_mirror, uniq_terence
D:3:      yredelemnul_forgotten_temple_becter, first_ration,
          gammafunk_ghost_split, nemelex_spade_bored_becter
D:4:      kennysheep_kobold_camp, fedhas_altar_4
D:5:      nicolae_dithmenos_shadow_blocks, minmay_temple_entry_statues,
          minmay_mini_ossuary, uniq_pikel
D:6:      uniq_grinder
D:7:      enter_ossuary_2, kennysheep_potato
D:8:      grunt_qazlal_clouds, gammafunk_temple_overflow_wave
D:9:      minmay_the_grid_triangle_9x9_rhombus_full, dpeg_oklobed_lair,
          grunt_ogre_cave, kennysheep_another_room, solitary_fountain
Temple:   nicolae_temple_elliptical
Ossuary:  ossuary_tomb_3

Skill      XL: |  1  2  3  4  5  6  7  8  9 |
---------------+----------------------------+-----
Axes           | 3 4 5 6 7 9 11 13 14 | 14.7
Shields        | 4 6 |  6.4
Fighting       | 4 6 |  6.4
Armour         | 4 6 |  6.4

Action                   |  1- 3 |  4- 6 |  7- 9 | 10-12 || total
-------------------------+-------+-------+-------+-------++-------
Melee: War axe           |    51 |   106 |   394 |    66 ||   617
       Headbutt          |     6 |    15 |    70 |    15 ||   106
Evoke: Wand              |       |       |       |     3 ||     3
  Use: Potion            |       |     2 |     1 |     4 ||     7
       Scroll            |       |       |     3 |     4 ||     7
  Eat: Chunk             |       |     1 |     3 |       ||     4
       Ration            |       |     1 |     4 |     1 ||     6
Armor: Scale mail        |    28 |    35 |    84 |       ||   147
       Plate armour      |       |       |    16 |    65 ||    81
Dodge: Dodged            |    11 |    36 |    81 |    15 ||   143
Block: Shield            |    19 |    65 |   199 |    59 ||   342

Table legend:
 A = Spawn XP
 B = Non-spawn XP
 C = Spawn XP percentage of total XP
 D = Spawn monster count
 E = Non-spawn monster count
 F = Spawn count percentage of total count
 G = Total turns spent on level
                    A         B        C        D         E        F      G
               +---------+---------+-------+---------+---------+-------+---------
         Total |       0 |    6642 |   0.0 |       0 |     218 |   0.0 |  7434
               +---------+---------+-------+---------+---------+-------+---------
           D:1 |       0 |      25 |   0.0 |       0 |      11 |   0.0 |   647
           D:2 |       0 |     101 |   0.0 |       0 |      19 |   0.0 |   544
           D:3 |       0 |     696 |   0.0 |       0 |      41 |   0.0 |  1585
           D:4 |       0 |     758 |   0.0 |       0 |      36 |   0.0 |  1216
           D:5 |       0 |    1093 |   0.0 |       0 |      20 |   0.0 |   845
           D:6 |       0 |     948 |   0.0 |       0 |      25 |   0.0 |   684
           D:7 |       0 |     174 |   0.0 |       0 |       4 |   0.0 |   399
           D:8 |       0 |     674 |   0.0 |       0 |      19 |   0.0 |   709
           D:9 |       0 |    1995 |   0.0 |       0 |      27 |   0.0 |   568
       Ossuary |       0 |     178 |   0.0 |       0 |      16 |   0.0 |   159
               +---------+---------+-------+---------+---------+-------+---------
